 Dungeon Crawl Stone Soup version 0.28-a0-1506-g3893175d92 (webtiles) character file.

Game seed: 17837966587477882827

2666 oldriver the Nimble (level 9, -9/71 HPs)
             Began as a Gnoll Gladiator on Jan 14, 2022.
             Was an Initiate of Gozag.
             Killed from afar by an acid dragon (24 damage)
             ... with a splash of acid
             ... on level 7 of the Dungeon.
             The game lasted 00:10:00 (8841 turns).

oldriver the Nimble (Gnoll Gladiator)               Turns: 8841, Time: 00:10:03

Health: -9/71      AC: 12    Str: 18    XL:     9   Next: 63%
Magic:  15/15      EV:  7    Int:  7    God:    Gozag
Gold:   322        SH:  8    Dex: 14    Spells: 16/16 levels left

rFire   . . .      SeeInvis .   u - +1 hand axe (flame)
rCold   + . .      Faith    .   g - +3 warlock's mirror {reflect}
rNeg    . . .      Spirit   .   q - +0 plate armour
rPois   .          Reflect  +   c - +0 helmet
rElec   .          Harm     .   f - +1 cloak
rCorr   .          Rampage  .   (no gloves)
Will    +....                   a - +0 pair of boots
Stlth   ..........              (no amulet)
HPRegen 0.21/turn               k - ring of willpower
MPRegen 0.14/turn               s - ring of protection from cold

@: corroded
A: fangs 1, strong nose, distributed training
a: Renounce Religion, Potion Petition, Call Merchant, Bribe Branch


You were on level 7 of the Dungeon.
You worshipped Gozag.
Gozag was aware of your devotion.
You visited 2 branches of the dungeon, and saw 8 of its levels.

You collected 409 gold pieces.
You paid 87 gold pieces to Gozag.

Inventory:

Hand Weapons
 u - a +1 hand axe of flaming (weapon)
Missiles
 b - 110 stones (quivered)
 l - 4 poisoned darts
 t - 5 throwing nets
Armour
 a - a +0 pair of boots (worn)
 c - a +0 helmet (worn)
 f - a +1 cloak (worn)
 g - the +3 warlock's mirror (worn) {reflect}
   (You acquired it on level 2 of the Dungeon)

   It can block and reflect piercing ranged attacks and magical attacks against
   the wielder's willpower.
 q - a +0 plate armour (worn)
Jewellery
 k - a ring of willpower (left hand)
 s - a ring of protection from cold (right hand)
Wands
 m - a wand of flame (2)
 n - a wand of digging (11)
 v - a wand of acid (2)
Scrolls
 e - 5 scrolls of identify
 h - a scroll of fear
 i - 2 scrolls of amnesia
 j - a scroll of vulnerability
Potions
 d - 2 potions of mutation
 o - a potion of ambrosia
 p - 2 potions of lignification
 r - a potion of attraction


   Skills:
 + Level 6.4 Fighting
 + Level 4.4 Short Blades
 + Level 8.0 Long Blades
 + Level 4.4 Axes
 + Level 4.4 Maces & Flails
 + Level 4.4 Polearms
 + Level 4.4 Staves
 + Level 4.4 Slings
 + Level 4.4 Bows
 + Level 4.4 Crossbows
 + Level 6.4 Throwing
 + Level 4.4 Armour
 + Level 8.0 Dodging
 + Level 4.4 Stealth
 + Level 4.4 Shields
 + Level 4.4 Unarmed Combat
 + Level 4.4 Spellcasting
 + Level 3.6 Conjurations
 + Level 3.6 Hexes
 + Level 3.6 Summonings
 + Level 3.6 Necromancy
 + Level 3.6 Translocations
 + Level 3.6 Transmutations
 + Level 3.6 Fire Magic
 + Level 3.6 Ice Magic
 + Level 3.6 Air Magic
 + Level 3.6 Earth Magic
 + Level 3.6 Poison Magic
 + Level 4.9 Invocations
 + Level 4.4 Evocations


You had 16 spell levels left.
You didn't know any spells.
Your spell library contained the following spells:

 Spells                   Type           Power      Damage    Failure   Level
 Sandblast                Erth           12%        2d6       97%         1
 Passwall                 Tmut/Erth      5%         N/A       99%         2
 Stone Arrow              Conj/Erth      12%        3d7       100%        3
 Animate Armour           Summ/Erth      12%        N/A       100%        4
 Lehudib's Crystal Spear  Conj/Erth      3%         10d2      100%        8


Dungeon Overview and Level Annotations

Branches:
Dungeon (7/15)             Temple (1/1) D:6

Altars:
Ashenzari
Cheibriados
Dithmenos
Elyvilon
Fedhas
Gozag
Hepliaklqana
Kikubaaqudgha
Makhleb
Nemelex Xobeh
Okawaru
Qazlal
Ru
Sif Muna
Trog
Uskayaw
Vehumet
Wu Jian
Xom
Yredelemnul
Zin
The Shining One

Shops:
D:1 ?   D:4 =

Annotations:
D:3 4 runed translucent doors, murtidash's ghost, amateur DjIE
D:4 4 runed translucent doors, Crazy Yiuf; oldriver's ghost, amateur GnGl
D:5 1 runed translucent door, riojii's ghost, novice DDFi


Innate Abilities, Weirdness & Mutations

You have very sharp teeth.
Your uncanny sense of smell can sniff out nearby items.
Your experience applies equally to all skills.


Message History

Your bite misses the acid dragon.
The acid dragon is severely wounded.
The acid dragon barely misses you. The acid dragon completely misses you.
You hit the acid dragon but do no damage.
The acid dragon is severely wounded.
You hit the sky beast. You burn the sky beast.
You block the sky beast's attack. You block the acid dragon's attack.
The acid dragon claws you but does no damage.
You barely miss the acid dragon.
The acid dragon is severely wounded.
You hit the sky beast but do no damage.
The sky beast hits you but does no damage.
The acid dragon bites you.
* * * LOW HITPOINT WARNING * * *
You block the acid dragon's attack.
You hit the acid dragon but do no damage.
The acid dragon is severely wounded.
You hit the sky beast but do no damage. The sky beast barely misses you.
You block the acid dragon's attack. The acid dragon barely misses you.
The sky beast barely misses you.
You hit the acid dragon but do no damage.
The acid dragon is severely wounded.
You hit the sky beast but do no damage. The acid dragon bites you.
* * * LOW HITPOINT WARNING * * *
The acid dragon claws you but does no damage.
The sky beast hits you but does no damage.
Unknown command.
You completely miss the acid dragon.
The acid dragon is severely wounded.
You closely miss the sky beast.
The acid dragon bites you but does no damage.
The acid dragon barely misses you. You block the sky beast's attack.
Unknown command.
You closely miss the acid dragon.
The acid dragon is severely wounded.
You barely miss the sky beast. The acid dragon spits acid at you.
The splash of acid hits you!!
You die...
Your body crumbles into a pile of gold.

$ ...... ..... ..#Y
#... #...########
#...#......# #
#...#......##.#
#..$.Y@.....#.#####
##..###D...........
.............####.
...#...#######.# # ..
#...#######.######.#.
.
.>...................
.#...#######........#
...... #####........#
........<.....#


You could see an acid dragon (catching breath) and a sky beast.

Vanquished Creatures
  Pikel (D:5)
  Eustachio (D:5)
  Edmund (D:5)
  A water moccasin (D:6)
  3 ice beasts (D:6)
  A necrophage (D:6)
  An ogre (D:6)
  A sky beast (D:5)
  A centaur (D:5)
  Blork the orc (D:5)
  A bullfrog (D:4)
  4 scorpions
  2 water moccasin skeletons
  A wight (D:4)
  4 killer bees (D:5)
  An orc priest (D:6)
  3 hounds
  A gnoll shaman (D:4)
  3 jellies
  5 iguanas
  An orc wizard (D:6)
  2 hound skeletons
  3 gnolls
  7 adders
  A shadow imp (D:6)
  An adder skeleton (D:4)
  An adder zombie (D:5)
  A dart slug (D:5)
  2 worms
  14 orcs
  6 endoplasms
  7 giant cockroaches
  5 goblins
  3 hobgoblins
  3 jackals
  4 kobolds
  3 quokkas
  6 ball pythons
  7 bats
  3 frilled lizards
  A jackal zombie (D:3)
  6 rats
124 creatures vanquished.

Vanquished Creatures (others)
  3 fungi (D:3)
  3 plants
  5 toadstools (D:1)
11 creatures vanquished.

Grand Total: 135 creatures vanquished

Notes
Turn   | Place    | Note
-------+----------+-------------------------------------------
     0 | D:1      | oldriver the Gnoll Gladiator began the quest for the Orb.
     0 | D:1      | Reached XP level 1. HP: 20/20 MP: 1/1
   143 | D:1      | You fall into a shaft and drop 1 floor!
   223 | D:1      | Reached XP level 2. HP: 22/26 MP: 2/2
   449 | D:1      | Found Xoytucvu's Magic Scroll Shoppe.
   920 | D:3      | Reached XP level 3. HP: 31/31 MP: 2/4
   937 | D:3      | Reached skill level 1 in Invocations
  1115 | D:3      | Reached skill level 1 in Short Blades
  1115 | D:3      | Reached skill level 1 in Axes
  1115 | D:3      | Reached skill level 1 in Maces & Flails
  1115 | D:3      | Reached skill level 1 in Polearms
  1115 | D:3      | Reached skill level 1 in Staves
  1115 | D:3      | Reached skill level 1 in Slings
  1115 | D:3      | Reached skill level 1 in Bows
  1115 | D:3      | Reached skill level 1 in Crossbows
  1115 | D:3      | Reached skill level 1 in Armour
  1115 | D:3      | Reached skill level 1 in Stealth
  1115 | D:3      | Reached skill level 1 in Shields
  1115 | D:3      | Reached skill level 1 in Unarmed Combat
  1115 | D:3      | Reached skill level 1 in Spellcasting
  1115 | D:3      | Reached skill level 1 in Evocations
  1115 | D:3      | Reached XP level 4. HP: 17/38 MP: 5/5
  1648 | D:2      | Reached skill level 1 in Conjurations
  1648 | D:2      | Reached skill level 1 in Hexes
  1648 | D:2      | Reached skill level 1 in Summonings
  1648 | D:2      | Reached skill level 1 in Necromancy
  1648 | D:2      | Reached skill level 1 in Translocations
  1648 | D:2      | Reached skill level 1 in Transmutations
  1648 | D:2      | Reached skill level 1 in Fire Magic
  1648 | D:2      | Reached skill level 1 in Ice Magic
  1648 | D:2      | Reached skill level 1 in Air Magic
  1648 | D:2      | Reached skill level 1 in Earth Magic
  1648 | D:2      | Reached skill level 1 in Poison Magic
  1831 | D:3      | Found a runed translucent door.
  1831 | D:3      | Noticed a human
  1999 | D:3      | Found a basalt altar of Yredelemnul.
  2044 | D:3      | Found a runed translucent gate.
  2044 | D:3      | Found a runed translucent gate.
  2045 | D:3      | Found a runed translucent gate.
  2045 | D:3      | Noticed murtidash's ghost (amateur DjIE)
  2046 | D:3      | Noticed a kobold brigand
  2198 | D:3      | Found a faded altar of an unknown god.
  2287 | D:3      | Reached XP level 5. HP: 29/43 MP: 5/7
  2423 | D:4      | Noticed an ogre
  2423 | D:4      | Noticed oldriver's ghost (amateur GnGl)
  2429 | D:4      | Found a runed translucent gate.
  2429 | D:4      | Found a runed translucent gate.
  2429 | D:4      | Found a runed translucent gate.
  2982 | D:2      | Identified a scroll of acquirement
  2982 | D:2      | Acquired the +3 warlock's mirror {reflect}
  2982 | D:2      | Found the +3 warlock's mirror {reflect}
  3302 | D:4      | Reached XP level 6. HP: 44/50 MP: 8/8
  3421 | D:4      | Reached skill level 5 in Fighting
  3421 | D:4      | Reached skill level 5 in Throwing
  3752 | D:3      | Reached XP level 7. HP: 50/56 MP: 10/10
  3909 | D:4      | Found a runed translucent door.
  3910 | D:4      | Noticed Crazy Yiuf
  3996 | D:4      | Found Kiystut's Jewellery Boutique.
  4753 | D:5      | Entered Level 5 of the Dungeon
  4983 | D:5      | Reached XP level 8. HP: 6/63 MP: 12/12
  5324 | D:5      | Noticed riojii's ghost (novice DDFi)
  5327 | D:5      | Found a runed translucent door.
  5452 | D:5      | Noticed Blork the orc
  5470 | D:5      | Killed Blork the orc
  5971 | D:5      | Noticed Edmund
  6026 | D:5      | Killed Edmund
  6401 | D:5      | Noticed Eustachio
  6483 | D:5      | Killed Eustachio
  6684 | D:5      | Noticed Pikel
  6726 | D:5      | Killed Pikel
  6727 | D:5      | Reached XP level 9. HP: 38/69 MP: 14/14
  7367 | D:6      | Found a staircase to the Ecumenical Temple.
  7591 | Temple   | Entered the Ecumenical Temple
  7909 | Temple   | Became a worshipper of Gozag Ym Sagoz the Greedy
  8841 | D:7      | Killed from afar by an acid dragon

Illustrated notes

Levels and vault maps discovered:
D:1:      ldierk_walled_garden, layout_rooms, serial_shops, shop,
          minmay_stone_trees_medium
D:2:      layout_basic
D:3:      layout_basic, dk_yredelemnul_ordeal,
          dreamdust_ecumenical_altar_angels_and_demons,
          gammafunk_ghost_nasty_kobolds
D:4:      layout_rooms, gammafunk_ghost_split, serial_shops,
          nicolae_lakefront_shop, minmay_pentangle, uniq_crazy_yiuf_cottage
D:5:      layout_cave_pools, hellmonk_ghost_happy_afterlife,
          chequers_serial_rivers_micro_c, uniq_pikel, uniq_edmund,
          uniq_blork_the_orc, uniq_eustachio
D:6:      layout_basic, minmay_temple_entry_enclosed_plants, lemuel_old_faithful
D:7:      layout_basic
Temple:   regret_index_temple_sigil_plot

Skill      XL: |  1  2  3  4  5  6  7  8  9 |
---------------+----------------------------+-----
Invocations    | 1 2 3 4 |  4.9
Short Blades   | 1 2 3 4 |  4.4
Axes           | 1 2 3 4 |  4.4
Maces & Flails | 1 2 3 4 |  4.4
Polearms       | 1 2 3 4 |  4.4
Staves         | 1 2 3 4 |  4.4
Slings         | 1 2 3 4 |  4.4
Bows           | 1 2 3 4 |  4.4
Crossbows      | 1 2 3 4 |  4.4
Armour         | 1 2 3 4 |  4.4
Stealth        | 1 2 3 4 |  4.4
Shields        | 1 2 3 4 |  4.4
Unarmed Combat | 1 2 3 4 |  4.4
Spellcasting   | 1 2 3 4 |  4.4
Evocations     | 1 2 3 4 |  4.4
Conjurations   | 1 2 3 |  3.6
Hexes          | 1 2 3 |  3.6
Summonings     | 1 2 3 |  3.6
Necromancy     | 1 2 3 |  3.6
Translocations | 1 2 3 |  3.6
Transmutations | 1 2 3 |  3.6
Fire Magic     | 1 2 3 |  3.6
Ice Magic      | 1 2 3 |  3.6
Air Magic      | 1 2 3 |  3.6
Earth Magic    | 1 2 3 |  3.6
Poison Magic   | 1 2 3 |  3.6
Fighting       | 5 6 |  6.4
Throwing       | 5 6 |  6.4
Long Blades    | 7 8 |  8.0
Dodging        | 7 8 |  8.0

Action                   |  1- 3 |  4- 6 |  7- 9 || total
-------------------------+-------+-------+-------++-------
Melee: Long sword        |    83 |   161 |   197 ||   441
       Bite              |     6 |    26 |    57 ||    89
       Hand axe          |       |       |   195 ||   195
Throw: Dart              |       |       |    14 ||    14
       Stone             |       |       |    34 ||    34
       Throwing net      |       |       |     3 ||     3
Evoke: Wand              |       |       |     1 ||     1
  Use: Scroll            |       |     5 |     6 ||    11
       Potion            |       |       |     9 ||     9
 Stab: Distracted        |       |       |     1 ||     1
Armor: Leather armour    |    28 |     4 |       ||    32
       Plate armour      |       |    87 |   230 ||   317
       Skin              |       |       |    12 ||    12
Dodge: Dodged            |    57 |    47 |   110 ||   214
Block: Buckler           |    12 |    47 |   180 ||   239
       Reflection        |       |     1 |     3 ||     4

Table legend: (Time is in decaauts)
 A = Elapsed time spent in this place.
 B = Non-inter-level travel time spent in this place.
 C = Inter-level travel time spent in this place.
 D = Time resting spent in this place.
 E = Time spent auto-exploring this place.
 F = Levels seen in this place.
 G = Mean time per level.
                   A        B        C        D        E       F      G
               +--------+--------+--------+--------+--------+-----+--------+
         Total |   8915 |   8536 |    379 |   2828 |   4161 |   8 | 1114.4 |
       Dungeon |   8378 |   8044 |    334 |   2617 |   3901 |   7 | 1196.9 |
        Temple |    536 |    491 |     45 |    211 |    260 |   1 |  536.0 |
               +--------+--------+--------+--------+--------+-----+--------+

Top non-repeatable levels by time:
     D:5: 2381 daAuts
     D:3: 1920 daAuts
     D:4: 1536 daAuts
     D:6: 1169 daAuts
     D:2: 877 daAuts
  Temple: 536 daAuts
     D:1: 462 daAuts
     D:7: 30 daAuts
